 Dungeon Crawl Stone Soup version 0.26-a0-859-gf57989e088 (webtiles) character file.

Game seed: 3381568768192378342

148 Morbidden the Ruffian (level 5, 0/41 HPs)
             Began as a Draconian Transmuter on Nov 25, 2020.
             Succumbed to an adder's poison
             ... in a sewer.
             The game lasted 00:05:09 (3948 turns).

Morbidden the Ruffian (Draconian Transmuter)        Turns: 3948, Time: 00:05:09

Health: 0/41       AC:  7    Str:  9 (12) XL:     5   Next: 8%
Magic:  8/8        EV: 12    Int: 13 (15) God:
Gold:   138        SH:  0    Dex: 10 (11) Spells: 4/8 levels left

rFire    + . .     SeeInvis .     - Unarmed
rCold    . . .     Faith    .   (no shield)
rNeg     . . .     Spirit   .   (armour unavailable)
rPois    .         Reflect  .   (helmet restricted)
rElec    .         Harm     .   o - +0 cloak
rCorr    .         Rampage  .   (no gloves)
MR       .....                  r - +0 pair of boots
Stlth    +.........             (no amulet)
HPRegen  0.13/turn              h - +4 ring of slaying
MPRegen  0.11/turn              f - ring of protection from fire

@: mighty, lethally poisoned (0 -> -5), attractive
A: unfitting armour, cold-blooded, AC +5
a: no special abilities


You were in a sewer.
You visited 1 branch of the dungeon, and saw 4 of its levels.
You also visited: Sewer.

You collected 138 gold pieces.

Inventory:

Hand Weapons
 a - a +1 longbow
Missiles
 x - 40 arrows
Armour
 o - a +0 cloak (worn)
 r - a +0 pair of boots (worn)
 y - a +1 hat
Jewellery
 b - an uncursed ring of resist corrosion
 f - a ring of protection from fire (right hand)
 h - a +4 ring of slaying (left hand)
Scrolls
 c - 3 scrolls of immolation
 i - a scroll of noise {unknown}
 l - 2 scrolls of identify
 m - 2 scrolls of enchant weapon
 s - a scroll of teleportation
 v - 4 scrolls of remove curse
Potions
 j - a potion of attraction
 k - a potion of berserk rage {unknown}
 n - a potion of ambrosia {unknown}
 p - a potion of heal wounds {unknown}
 u - a potion of resistance {unknown}


   Skills:
 * Level 2.1 Fighting
 * Level 2.9 Dodging
 + Level 0.2 Stealth
 + Level 4.0 Unarmed Combat
 + Level 2.3 Spellcasting
 * Level 2.8 Transmutations
 * Level 0.1 Poison Magic


You had 4 spell levels left.
You knew the following spells:

 Your Spells              Type           Power        Failure   Level
a - Beastly Appendage     Tmut           #.....       8%          1
b - Spider Form           Tmut/Pois      #.........   36%         3

Your spell library contained the following spells:

 Spells                   Type           Power        Failure   Level
 Wereblood                Tmut           #.......     12%         2
 Ice Form                 Ice/Tmut       #.......     80%         4
 Blade Hands              Tmut           #.........   91%         5


Dungeon Overview and Level Annotations

Branches:
Dungeon (4/15)              Sewer (1/1)
 Temple: D:4-7

Altars:
Nemelex Xobeh
Okawaru
Ru
Trog
Uskayaw
Xom

Shops:
D:4 [([


Innate Abilities, Weirdness & Mutations

Your plain brown scales are hard. (AC +5)
You cannot fit into any form of body armour.
You are cold-blooded and may be slowed by cold attacks.


Message History

The adder poisons you!
The world spins around you as you enter the gateway.
You enter a sewer!
* * * LOW HITPOINT WARNING * * *
You feel sick.
Found a gate leading back out of this place.
There is an empty arch of ancient stone here.
It was a potion of attraction.
You feel attractive to monsters.
Your horns disappear.
Your talons disappear.
Your +0 pair of boots unmelds from your body.
Unknown command.
It was a potion of degeneration.
There was something very wrong with that liquid.
You feel weakened.
You feel dopey.
You feel clumsy.
* * * LOW HITPOINT WARNING * * *
You feel sick.
Unknown command.
It was a potion of might.
You feel very mighty all of a sudden.
You die...

##########
##....≈≈≈≈≈
#.....≈≈≈≈≈
#..@..≈≈≈≈≈
#..∩..≈≈≈≈≈
#.....≈≈≈≈≈
##....≈≈≈≈≈
##########


There were no monsters in sight!

Vanquished Creatures
  6 adders
  2 oozes (D:2)
  6 worms
  2 leopard geckos (D:1)
  An orc (D:3)
  5 bats
  5 giant cockroaches
  5 goblins
  13 hobgoblins
  A quokka (D:3)
  4 frilled lizards
  8 kobolds
  13 rats
71 creatures vanquished.

Notes
Turn   | Place    | Note
-------+----------+-------------------------------------------
     0 | D:1      | Morbidden the Draconian Transmuter began the quest for the
                  | Orb.
     0 | D:1      | Reached XP level 1. HP: 16/16 MP: 3/3
   445 | D:1      | Reached XP level 2. HP: 23/23 MP: 5/5
  1119 | D:2      | Found a sparkling altar of Nemelex Xobeh.
  1229 | D:2      | Noticed a moth of wrath
  1232 | D:2      | Found a bloodstained altar of Trog.
  1243 | D:2      | Reached XP level 3. HP: 26/28 MP: 4/6
  2078 | D:2      | Reached XP level 4. HP: 15/36 MP: 5/7
  3438 | D:3      | Learned a level 3 spell: Spider Form
  3600 | D:3      | Found a hide-covered altar of Uskayaw.
  3619 | D:3      | Found a sacrificial altar of Ru.
  3619 | D:3      | Found an iron altar of Okawaru.
  3620 | D:3      | Found a shimmering altar of Xom.
  3695 | D:3      | Reached XP level 5. HP: 41/41 MP: 6/8
  3863 | D:4      | Found Vuumoweg's Antique Weapon Shop.
  3863 | D:4      | Found Kineaproiqa's Antique Armour Shop.
  3863 | D:4      | Found Ickio's Antique Armour Shop.
  3863 | D:4      | Noticed an ogre
  3923 | D:4      | Found a glowing drain.
  3936 | D:4      | Reached skill level 4 in Unarmed Combat
  3940 | D:4      | HP: 1/41 [adder (5)]
  3945 | Sewer    | Entered a sewer
  3945 | Sewer    | HP: 2/41 [poisoned by an adder]
  3948 | Sewer    | Succumbed to an adder's poison

Illustrated notes

Levels and vault maps discovered:
D:1:      erik_arrival_blinker_ship, layout_loops_ring, minmay_pentomino_u2
D:2:      layout_basic, nemelex_xobeh_ov_fountains_minmay, tgw_trog,
          minmay_unequal
D:3:      layout_rooms, lemuel_doored_altar, gammafunk_temple_overflow_claw
D:4:      layout_rooms, portal_sewer_entry_d, minmay_shop_grid_forest
Sewer:    sewer_minmay_w

Skill      XL: |  1  2  3  4  5 |
---------------+----------------+-----
Dodging        | 2 |  2.9
Fighting       | 2 |  2.1
Unarmed Combat | 4 |  4.0
Stealth        | |  0.2
Spellcasting   | |  2.3
Transmutations | |  2.8
Poison Magic   | |  0.1

Action                   |  1- 3 |  4- 6 || total
-------------------------+-------+-------++-------
Melee: Unarmed           |   172 |    84 ||   256
       Tailslap          |    14 |     3 ||    17
       Kick              |     6 |     7 ||    13
       Headbutt          |     4 |     4 ||     8
       Punch             |     1 |     1 ||     2
 Cast: Beastly Appendage |    15 |    10 ||    25
  Use: Potion            |     1 |     4 ||     5
       Scroll            |       |     8 ||     8
 Stab: Sleeping          |       |     2 ||     2
Armor: Skin              |    46 |    28 ||    74
Dodge: Dodged            |   114 |    81 ||   195

Table legend: (Time is in decaauts)
 A = Elapsed time spent in this place.
 B = Non-inter-level travel time spent in this place.
 C = Inter-level travel time spent in this place.
 D = Time resting spent in this place.
 E = Time spent auto-exploring this place.
 F = Levels seen in this place.
 G = Mean time per level.
                   A        B        C        D        E       F      G
               +--------+--------+--------+--------+--------+-----+--------+
         Total |   3935 |   3716 |    219 |    549 |   2541 |   5 |  787.0 |
       Dungeon |   3932 |   3713 |    219 |    549 |   2541 |   4 |  983.0 |
         Sewer |      2 |      2 |      0 |      0 |      0 |   1 |    2.0 |
               +--------+--------+--------+--------+--------+-----+--------+

Top non-repeatable levels by time:
     D:2: 1938 daAuts
     D:1: 1025 daAuts
     D:3: 918 daAuts
     D:4: 50 daAuts
   Sewer: 2 daAuts
